AoeStats
← Michi3052

Arena

505468522Analyzed
1v1 RM · 24d ago on Sep 9, 2026· 30m 3s· 2 players
Game mode
Random Map
Map size
Tiny (2 player)
Population
200
Speed
Normal
Resources
Standard
Victory
Conquest
Starting age
Dark Age
Ending age
Imperial Age
RankedLock teamsTeams togetherTeam positionsShared explorationLock speedFull tech treeHidden civsTurbo modeCheats
Victory
Defeat
🇪🇸 Spanish · Spain
649
+16
🇪🇸 Turks · Spain
647
-16
Michi3052
12:58 Feudal Age
13:55 Double-Bit Axe
16:47 Wheelbarrow
19:15 Castle Age
17:00 Horse Collar
25:50 Imperial Age
26:51 Bow Saw
27:31 Padded Archer Armor
27:22 Fletching
pepete
10:58 Feudal Age
12:49 Double-Bit Axe
12:46 Horse Collar
17:56 Castle Age
16:33 Scale Barding Armor
16:21 Horse Collar
18:58 Wheelbarrow
18:24 Gold Mining
19:05 Heavy Plow
19:54 Bloodlines
20:42 Fervor
20:55 Stone Mining
21:20 Bow Saw
24:00 Chain Barding Armor
25:59 Sanctity
25:53 Elite Skirmisher
26:39 Thumb Ring
26:19 Man-at-Arms
26:20 Pikeman
27:17 Loom
27:18 Town Watch
30:38 Hand Cart
Connection lost

Rejoining the realm…

Still unreachable

The connection could not be restored.

Session expired

The server has moved on; the page needs a fresh start.